 Dungeon Crawl Stone Soup version 0.31-a0-142-g31f6795574 (webtiles) character file.

Game seed: 8486784370372084615

66 Faragor the Chiller (level 3, -1/19 HPs)
             Began as a Deep Elf Ice Elementalist on June 3, 2023.
             Slain by a phantom (3 damage)
             ... on level 3 of the Dungeon.
             The game lasted 00:21:50 (3350 turns).

Faragor the Chiller (Deep Elf Ice Elementalist)     Turns: 3350, Time: 00:21:51

Health: -1/19      AC:  2    Str:  5    XL:     3   Next: 96%
Magic:  3/10       EV: 12    Int: 21    God:
Gold:   104        SH:  0    Dex: 15    Spells: 3/10 levels left

rFire   . . .        d - staff of cold
rCold   + . .        (no shield)
rNeg    . . .        a - +0 robe
rPois   .            (no helmet)
rElec   .            (no cloak)
rCorr   .            (no gloves)
SInv    .            (no boots)
Will    .....        (no amulet)
Stlth   ++           n - ring of wizardry
HPRegen 0.23/turn    (no ring)
MPRegen 0.12/turn

%: wizardry (x1)
@: no status effects
A: no striking features
a: no special abilities


You were on level 3 of the Dungeon.
You visited 1 branch of the dungeon, and saw 3 of its levels.

You collected 104 gold pieces.

Inventory:

Hand Weapons
 m - a +0 heavy war axe
Missiles
 f - 3 poisoned darts
 h - 4 boomerangs
Armour
 a - a +0 robe (worn)
Magical Staves
 d - a staff of cold (weapon)
Jewellery
 n - a ring of wizardry (left hand)
Scrolls
 i - a scroll of poison
 j - a scroll of noise
 o - 2 scrolls of enchant weapon
Potions
 b - a potion of magic
 c - a potion of brilliance


   Skills:
 + Level 2.5 Dodging
 + Level 3.2 Stealth
 + Level 4.1 Spellcasting
 + Level 5.2 Ice Magic


You had 3 spell levels left.
You knew the following spells:

 Your Spells              Type           Power      Damage    Failure   Level
a - Freeze                Ice            100%       1d10      1%          1
b - Frozen Ramparts       Ice            78%        1d12      1%          3
c - Ozocubu's Armour      Ice            39%        N/A       1%          3

Your spell library contained the following spells:

 Spells                   Type           Power      Damage    Failure   Level
 Summon Ice Beast         Ice/Summ       22%        N/A       16%         4


Dungeon Overview and Level Annotations

Branches:
Dungeon (3/15)

Altars:
Sif Muna
Uskayaw

Shops:
D:1 *

Annotations:
D:2 1 runed translucent door, Crazy Yiuf


Message History

Aiming: Freeze (safe; 1% risk of failure)
Press: ? - help, Shift-Dir - straight line, f/p - phantom
Aim: a phantom (lightly damaged)
You feel a surge of power!
You freeze the phantom but do no damage.
The phantom completely resists.
The phantom hits you.
You hit the phantom but do no damage. The phantom barely misses you.
You barely miss the phantom. The phantom hits you.
The phantom blinks!
You blink.
You hit the phantom.
The phantom is lightly damaged.
The phantom misses you.
You barely miss the phantom.
The phantom is lightly damaged.
The phantom hits you but does no damage. x2
A rat comes into view.
You miss the phantom.
The phantom is lightly damaged.
The phantom hits you.
The phantom blinks!
You blink.
You hit the phantom.
The phantom is lightly damaged.
The phantom hits you but does no damage.
You hit the phantom but do no damage. You freeze the phantom.
The phantom is lightly damaged.
The phantom hits you.
* * * LOW HITPOINT WARNING * * *
As you read the scroll of immolation, it crumbles to dust.
The creatures around you are filled with an inner flame!
The phantom hits you but does no damage.
As you read the scroll labelled QUNTOE JOUGAG, it crumbles to dust.
It is a scroll of amnesia.
Okay, then.
The phantom hits you.
* * * LOW HITPOINT WARNING * * *
As you read the scroll labelled QEODOMOXEM, it crumbles to dust.
It is a scroll of brand weapon.
Your +0 war axe becomes incredibly heavy!
m - a +0 heavy war axe The phantom hits you.
You die...

..........[+.###..##.....#
...........##....#####...#
#.................####...##
#.........................#
#.................†.......#
#.......>####.#.##........#
########.# #.#.##........#
#.# #.#W##........# #.#
#.#.@..........
#.####.####........#
#......# #........#
######## #........#
########r. .#


You could see a phantom (inner flame).

Vanquished Creatures
  3 adders (D:2)
  3 orcs (D:3)
  4 bats (D:1)
  3 endoplasms
  3 giant cockroaches
  4 goblins
  4 hobgoblins
  3 quokkas
  A ball python (D:2)
  A frilled lizard (D:1)
  2 kobolds
  2 rats
33 creatures vanquished.

Notes
Turn   | Place    | Note
-------+----------+-------------------------------------------
     0 | D:1      | Faragor the Deep Elf Ice Elementalist began the quest for
                  | the Orb.
     0 | D:1      | Reached XP level 1. HP: 10/10 MP: 6/6
   448 | D:1      | Reached XP level 2. HP: 15/15 MP: 6/8
   797 | D:1      | Found Miolly's General Store.
  1314 | D:2      | Reached XP level 3. HP: 7/19 MP: 5/9
  1524 | D:2      | Learned a level 3 spell: Frozen Ramparts
  1528 | D:2      | Learned a level 3 spell: Ozocubu's Armour
  1943 | D:2      | Reached skill level 5 in Ice Magic
  2015 | D:2      | Found a hide-covered altar of Uskayaw.
  2280 | D:2      | Found a runed translucent door.
  2281 | D:2      | Noticed Crazy Yiuf
  3040 | D:3      | Noticed a phantom
  3043 | D:3      | Found a shimmering blue altar of Sif Muna.
  3350 | D:3      | Slain by a phantom

Illustrated notes

Levels and vault maps discovered:
D:1:      lightli_iron_boxes, layout_loops_ring, serial_shops, shop,
          minmay_misc_feat_roman
D:2:      layout_basic, basic_altar, minmay_fountain_box,
          uniq_crazy_yiuf_cottage
D:3:      layout_basic, mainiacjoe_overflow_tiny_flanked

Skill      XL: |  1  2  3 |
---------------+----------+-----
Stealth        | 3 |  3.2
Ice Magic      | 5 |  5.2
Spellcasting   | 4 |  4.1
Dodging        | |  2.5

Action                     || total
---------------------------++-------
  Melee: Unarmed           ||     2
         Staff             ||    26
         Punch             ||     1
   Cast: Freeze            ||    52
         Frozen Ramparts   ||     3
         Ozocubu's Armour  ||     2
    Use: Potion            ||     4
         Scroll            ||    14
 Armour: Robe              ||    16
  Dodge: Dodged            ||    25

Table legend: (Time is in decaauts)
 A = Elapsed time spent in this place.
 B = Non-inter-level travel time spent in this place.
 C = Inter-level travel time spent in this place.
 D = Time resting spent in this place.
 E = Time spent auto-exploring this place.
 F = Levels seen in this place.
 G = Mean time per level.
                   A        B        C        D        E       F      G
               +--------+--------+--------+--------+--------+-----+--------+
         Total |   3353 |   3345 |      8 |   1007 |      0 |   3 | 1117.7 |
       Dungeon |   3353 |   3345 |      8 |   1007 |      0 |   3 | 1117.7 |
               +--------+--------+--------+--------+--------+-----+--------+

Top non-repeatable levels by time:
     D:2: 1528 daAuts
     D:1: 1143 daAuts
     D:3: 681 daAuts
